 Dungeon Crawl Stone Soup version 0.19-a0-1007-g133f65f (webtiles) character file.

151 HAL9000 the Ruffian (level 5, 0/40 HPs)
             Began as a Draconian Transmuter on July 19, 2016.
             Slain by an orc wizard
             ... wielding a +0 dagger
              (5 damage)
             ... on level 4 of the Dungeon.
             The game lasted 00:03:54 (3334 turns).

HAL9000 the Ruffian (Draconian Transmuter)          Turns: 3334, Time: 00:03:55

Health: 0/40       AC:  5    Str: 14    XL:     5   Next: 10%
Magic:  1/8        EV:  8    Int: 13    God:
Gold:   177        SH:  0    Dex: 11    Spells: 3 memorised, 2 levels left

rFire  . . .     SeeInvis .       - Unarmed
rCold  . . .     Gourm    .     (armour unavailable)
rNeg   . . .     Faith    .     (no shield)
rPois  .         Spirit   .     (helmet restricted)
rElec  .         Dismiss  .     (no cloak)
rCorr  .         Reflect  .     (no gloves)
SustAt .         Harm     .     (no boots)
MR     .....                    (no amulet)
Stlth  +.........               (no ring)
                                d - -4 ring of evasion (curse)

@: not resistant to hostile enchantments, very unstealthy
A: unfitting armour, cold-blooded, AC +5
a: no special abilities


You were on level 4 of the Dungeon.
You were not hungry.

You visited 1 branch of the dungeon, and saw 4 of its levels.

You collected 177 gold pieces.

Inventory:

Missiles
 a - 77 arrows
 x - 4 javelins (quivered)
Jewellery
 d - a cursed -4 ring of evasion (left hand)
Scrolls
 e - 2 scrolls of remove curse {unknown}
 f - a scroll of enchant weapon {unknown}
 h - 2 scrolls of amnesia {unknown}
 j - 2 scrolls of identify {unknown}
 k - 2 scrolls of teleportation {unknown}
 l - a scroll of random uselessness {unknown}
 n - a scroll of blinking {unknown}
 p - a scroll of noise {unknown}
Potions
 m - a potion of magic {unknown}
 o - a potion of flight {unknown}
 r - a potion of invisibility {unknown}
 t - a potion of degeneration {unknown}
 u - a potion of curing {unknown}
Books
 b - a book of Changes

   Spells                             Type                      Level
   a - Beastly Appendage              Transmutation                1
   b - Sticks to Snakes               Transmutation                2
   c - Spider Form                    Transmutation/Poison         3
   d - Ice Form                       Ice/Transmutation            4
   e - Blade Hands                    Transmutation                5
Comestibles
 c - a bread ration
 s - a meat ration
 v - a beef jerky


   Skills:
 - Level 1.1 Fighting
 - Level 1.7 Dodging
 + Level 4.8 Unarmed Combat
 - Level 2.0 Spellcasting
 + Level 3.8 Transmutations


You had 2 spell levels left.
You knew the following spells:

 Your Spells              Type           Power        Failure   Level  Hunger
a - Beastly Appendage     Tmut           ##....       8%          1    ##.....
b - Sticks to Snakes      Tmut           ##......     10%         2    ###....
c - Spider Form           Tmut/Pois      #.........   38%         3    ####...


Dungeon Overview and Level Annotations

Branches:
Dungeon (4/15)
 Temple: D:4-7

Altars:


Innate Abilities, Weirdness & Mutations

Your plain brown scales are hard. (AC +5)
Your body does not fit into most forms of armour.
You are cold-blooded and may be slowed by cold attacks.


Message History

You hit the orc but do no damage.
Your horns disappear.
The orc completely misses you.
You hit the orc but do no damage. Something hits you.
* * * LOW HITPOINT WARNING * * *
The orc barely misses you.
You closely miss the orc. Something hits you but does no damage.
The orc hits you with a hand axe.
* * * LOW HITPOINT WARNING * * *
What are your orders? t - Shout!
Orders for allies: a - Attack new target. r - Retreat! s - Stop attacking. g - Guard the area. f - Follow me.
Anything else - Cancel.
Gang up on whom?
Press: ? - help, Dir - move target cursor, f - orc
Aim: an orc, wielding a hand axe and wearing a leather armour Attack!
Something hits you.
You die...

.#...#...#.#
.#...#...#...#...#
..#...#...#...#.#
#...#...#...#...# .#
..#...#...#...#.##
...#...#...#...#....#
#...#...#...#...#..#
..#...#[..#...#.(..#
.#...#.@o#((.#...#..#
...#?..#..)#...#..#.#
#...#...#...#......#
...#...#...#...#.####
###..#...#.....#.#
##...#..######.#
#.##..........# #.
############


You could see an orc.

Vanquished Creatures
  An orc priest (D:3)
  3 adders
  An ooze (D:3)
  A worm (D:2)
  A dart slug (D:1)
  5 giant geckos
  9 orcs
  5 giant cockroaches
  6 goblins
  8 hobgoblins
  3 kobolds
  A ball python (D:3)
  7 bats
  A jackal zombie (D:4)
  7 rats
59 creatures vanquished.

Vanquished Creatures (collateral kills)
  An adder (D:2)
  An orc (D:4)
2 creatures vanquished.

Grand Total: 61 creatures vanquished

Notes
Turn   | Place    | Note
-------+----------+-------------------------------------------
     0 | D:1      | HAL9000 the Draconian Transmuter began the quest for the Orb.
     0 | D:1      | Reached XP level 1. HP: 16/16 MP: 3/3
   204 | D:1      | Reached XP level 2. HP: 15/23 MP: 3/5
  1099 | D:2      | Reached XP level 3. HP: 17/28 MP: 4/6
  1359 | D:2      | Found a faded altar of an unknown god.
  1412 | D:2      | HP: 1/28 [worm (7)]
  1494 | D:2      | Learned a level 2 spell: Sticks to Snakes
  1498 | D:2      | Learned a level 3 spell: Spider Form
  1745 | D:2      | Reached skill level 4 in Unarmed Combat
  2153 | D:3      | Reached XP level 4. HP: 35/35 MP: 5/7
  2729 | D:3      | Reached XP level 5. HP: 18/40 MP: 8/8
  3334 | D:4      | Slain by an orc wizard

Vault maps used:
D:1:      minmay_arrival_statue_studded
D:2:      ecumenical_altar_2
D:3:      serial_glass, glass_columns_a, glass_columns_b
D:4:      hex_large, uniq_sigmund, uniq_pikel

Skill      XL: |  1  2  3 |
---------------+----------+-----
Transmutations | 3 |  3.8
Unarmed Combat | 4 |  4.8
Fighting       | |  1.1
Dodging        | |  1.7
Spellcasting   | |  2.0

Action                   |  1- 3 |  4- 6 || total
-------------------------+-------+-------++-------
Melee: Unarmed           |   128 |   113 ||   241
       Kick              |     9 |     8 ||    17
       Tailslap          |     7 |    12 ||    19
       Headbutt          |     5 |     4 ||     9
       Punch             |     2 |     2 ||     4
 Cast: Beastly Appendage |    21 |    10 ||    31
       Sticks to Snakes  |     3 |     3 ||     6
  Use: Potion            |     1 |       ||     1
 Stab: Sleeping          |     2 |       ||     2
  Eat: Chunk             |     5 |     4 ||     9
Armor: Skin              |    45 |    65 ||   110
Dodge: Dodged            |    49 |    68 ||   117
